[Event "EYCC 2017"]
[Site "Mamaia"]
[Date "2017.09.09"]
[Round "5"]
[White "Piliposyan, Robert"]
[Black "Makkar, Rajat"]
[Result "1/2-1/2"]
[ECO "B17"]
[WhiteElo "1773"]
[BlackElo "1880"]
[Annotator "NA"]
[PlyCount "117"]
[EventDate "2017.??.??"]
[EventType "swiss"]
[EventCountry "ROU"]
[SourceTitle "playchess.com"]
[Source "ChessBase"]
[SourceQuality "1"]
[TimeControl "40/5400+30:1800+30"]

1. e4 c6 2. d4 d5 3. Nd2 dxe4 4. Nxe4 Nd7 5. Ng5 Ngf6 6. Bd3 e6 7. N1f3 Bd6 8. Qe2 h6 9. Ne4 Nxe4 10. Qxe4 Nf6 11. Qe2 b6 12. O-O Bb7 13. c4 O-O 14. Bd2 Qc7 15. h3 c5 16. dxc5 Bxc5 17. b4 Bd6 18. Rac1 Rac8 19. Bb1 Rfd8 20. Rfd1 e5 21. Bf5 e4 22. Ne1 Rb8 23. h4 Qe7 24. g3 Bxb4 25. Bf4 Bd6 26. Ng2 Bxf4 27. Nxf4 Qc5 28. Nd5 Nxd5 29. cxd5 Qa5 30. Bxe4 Bxd5 31. Bxd5 Rxd5 32. Rxd5 Qxd5 33. Rc7 a5 34. Qc4 Qf5 35. Qc2 Qf3 36. Rc3 Qd5 37. Rd3 Qe5 38. Qc3 Qe4 39. Qd4 Qe1+ 40. Kg2 b5 41. Rd1 Qe6 42. Qd5 Qb6 43. Qd6 Qb7+ 44. Qd5 Qe7 45. Qd6 Qe4+ 46. Kh2 Re8 47. Qd5 Qe2 48. Rd2 Qf1 49. Qh1 Qc4 50. Qd5 Qxd5 51. Rxd5 Re2 52. Kg2 Rb2 53. a4 bxa4 54. Rxa5 Ra2 55. Ra7 Ra1 56. h5 a3 57. Ra8+ Kh7 58. Ra7 f6 59. Ra8 1/2-1/2

[Event "EYCC 2017"]
[Site "Mamaia"]
[Date "2017.09.09"]
[Round "5"]
[White "Ince, Safiye Oyku"]
[Black "Bondareva, Daria"]
[Result "1-0"]
[ECO "C29"]
[WhiteElo "1737"]
[BlackElo "1754"]
[Annotator "NA"]
[PlyCount "85"]
[EventDate "2017.??.??"]
[EventType "swiss"]
[EventCountry "ROU"]
[SourceTitle "playchess.com"]
[Source "ChessBase"]
[SourceQuality "1"]
[TimeControl "40/5400+30:1800+30"]

1. e4 e5 2. Nc3 Nf6 3. f4 d5 4. fxe5 Nxe4 5. Qf3 Nxc3 6. dxc3 Bc5 7. Qg3 g6 8. Bg5 Be7 9. Bxe7 Qxe7 10. O-O-O Be6 11. Nf3 Nd7 12. Nd4 O-O-O 13. Be2 Rhe8 14. Bf3 c6 15. Rhe1 Nf8 16. Qf2 Kb8 17. c4 Qc5 18. Re3 Ka8 19. cxd5 cxd5 20. Rc3 Qb6 21. Rb3 Qc5 22. Rdd3 a6 23. Qd2 Rc8 24. Ra3 Nd7 25. Qf4 Qc7 26. Re3 Qb6 27. Be2 g5 28. Qf1 Qxd4 29. Bxa6 Kb8 30. Bxb7 Qf4 31. Qa6 Rc4 32. Qa7+ Kc7 33. Bxd5+ Kd8 34. Bxc4 Bxc4 35. Qa5+ Ke7 36. Qb4+ Ke6 37. Qd6+ Kf5 38. Qxd7+ Kg6 39. Qxe8 Qf1+ 40. Kd2 Qf2+ 41. Kd1 Qg1+ 42. Re1 Qd4+ 43. Kc1 1-0

[Event "EYCC 2017"]
[Site "Mamaia"]
[Date "2017.09.09"]
[Round "5"]
[White "Mihelic, Vesna"]
[Black "Mironenko, Galina"]
[Result "0-1"]
[ECO "B00"]
[WhiteElo "1710"]
[BlackElo "2035"]
[Annotator "NA"]
[PlyCount "70"]
[EventDate "2017.??.??"]
[EventType "swiss"]
[EventCountry "ROU"]
[SourceTitle "playchess.com"]
[Source "ChessBase"]
[SourceQuality "1"]
[TimeControl "40/5400+30:1800+30"]

1. e4 d6 2. d4 Nf6 3. Bd3 e5 4. c3 Be7 5. Nf3 Nbd7 6. O-O O-O 7. Nbd2 c6 8. b3 Qc7 9. c4 d5 10. cxd5 cxd5 11. Bb2 dxe4 12. Nxe4 Nxe4 13. Bxe4 Nf6 14. Qe2 exd4 15. Nxd4 Nxe4 16. Qxe4 Bf6 17. Rac1 Qb6 18. Rc2 Bd7 19. Qf4 Rad8 20. Nf3 Bxb2 21. Rxb2 Rfe8 22. h3 h6 23. Rc1 Bc6 24. Rc4 Bxf3 25. Qxf3 Re1+ 26. Kh2 Qd6+ 27. g3 Qe5 28. Qc3 Qe6 29. Rd2 Re8 30. Rcd4 Rh1+ 31. Kg2 Qxh3+ 32. Kf3 Qf5+ 33. Kg2 Ree1 34. Rd8+ Kh7 35. f4 Qe4+ 0-1

[Event "EYCC 2017"]
[Site "Mamaia"]
[Date "2017.09.09"]
[Round "5"]
[White "Royal, Shreyas"]
[Black "Dimitrov, Martin Il"]
[Result "1-0"]
[ECO "A43"]
[WhiteElo "1700"]
[BlackElo "1645"]
[Annotator "NA"]
[PlyCount "69"]
[EventDate "2017.??.??"]
[EventType "swiss"]
[EventCountry "ROU"]
[SourceTitle "playchess.com"]
[Source "ChessBase"]
[SourceQuality "1"]
[TimeControl "40/5400+30:1800+30"]

1. d4 g6 2. c4 Bg7 3. Nc3 c5 4. d5 Bxc3+ 5. bxc3 f5 6. Nf3 Nf6 7. Bh6 Qa5 8. Qb3 d6 9. e3 Nbd7 10. Bd3 Nb6 11. O-O Bd7 12. Rfe1 O-O-O 13. h3 Rhg8 14. Ng5 Kc7 15. e4 fxe4 16. Nxe4 Nxe4 17. Rxe4 Rde8 18. Rae1 Bf5 19. Rxe7+ Rxe7 20. Rxe7+ Kd8 21. Bg5 Kc8 22. Bxf5+ gxf5 23. Bf4 Qa6 24. Bxd6 Nxc4 25. Bf4 Nb6 26. d6 c4 27. Qd1 Rd8 28. Rc7+ Kb8 29. d7 Ka8 30. Bg5 Nxd7 31. Bxd8 Nb8 32. Bg5 Qe6 33. Re7 Qg6 34. h4 h6 35. Qd8 1-0

[Event "EYCC 2017"]
[Site "Mamaia"]
[Date "2017.09.09"]
[Round "5"]
[White "Matasaru, Stephanie"]
[Black "Lomaia, Diana"]
[Result "0-1"]
[ECO "B90"]
[WhiteElo "1662"]
[BlackElo "1753"]
[Annotator "NA"]
[PlyCount "61"]
[EventDate "2017.??.??"]
[EventType "swiss"]
[EventCountry "ROU"]
[SourceTitle "playchess.com"]
[Source "ChessBase"]
[SourceQuality "1"]
[TimeControl "40/5400+30:1800+30"]

1. e4 c5 2. Nf3 d6 3. d4 cxd4 4. Nxd4 Nf6 5. Nc3 a6 6. h3 e5 7. Nde2 h5 8. g3 Be6 9. Bg2 Nbd7 10. Bg5 Be7 11. Bxf6 Nxf6 12. Nd5 Bxd5 13. exd5 Rc8 14. O-O O-O 15. f4 Qb6+ 16. Kh2 exf4 17. Rxf4 Qxb2 18. Nd4 Rc7 19. a4 Qc3 20. Rb1 Qc5 21. Nf5 Bd8 22. c4 Re8 23. Qf3 Re5 24. Rf1 Rd7 25. g4 hxg4 26. hxg4 Nh7 27. Qh3 Bg5 28. R4f3 Qxc4 29. Rc3 Qb4 30. Rc8+ Rd8 31. Ne3 0-1

[Event "EYCC 2017"]
[Site "Mamaia"]
[Date "2017.09.09"]
[Round "5"]
[White "Tsotsonava, Elene"]
[Black "Kirchei, Viktoriia"]
[Result "1-0"]
[ECO "B07"]
[WhiteElo "1644"]
[BlackElo "1943"]
[Annotator "NA"]
[PlyCount "89"]
[EventDate "2017.??.??"]
[EventType "swiss"]
[EventCountry "ROU"]
[SourceTitle "playchess.com"]
[Source "ChessBase"]
[SourceQuality "1"]
[TimeControl "40/5400+30:1800+30"]

1. e4 d6 2. d4 Nf6 3. Nc3 Nbd7 4. f4 e5 5. Nf3 exd4 6. Nxd4 Nc5 7. Bd3 Be7 8. O-O O-O 9. h3 Nxd3 10. Qxd3 Nd7 11. Be3 Nc5 12. Qd2 Bf6 13. Qf2 Re8 14. Qf3 b6 15. Nc6 Qd7 16. e5 Bb7 17. exf6 Qxc6 18. Qxc6 Bxc6 19. Bxc5 bxc5 20. fxg7 Kxg7 21. Rad1 Rab8 22. b3 Rb4 23. Rfe1 Rg8 24. g3 Kf6 25. Kf2 Ba8 26. Re2 Rd8 27. Rde1 Rbb8 28. Re7 Rdc8 29. g4 a6 30. Kg3 Bc6 31. h4 Kg7 32. g5 d5 33. h5 Kf8 34. R7e5 Re8 35. Kg4 Rxe5 36. Rxe5 Re8 37. Rxe8+ Kxe8 38. Kf5 Ke7 39. Ke5 d4 40. Ne4 Bxe4 41. Kxe4 Ke6 42. f5+ Kd6 43. g6 fxg6 44. fxg6 hxg6 45. h6 1-0

[Event "EYCC 2017"]
[Site "Mamaia"]
[Date "2017.09.09"]
[Round "5"]
[White "Ljepic, Andrej"]
[Black "Vetokhin, Savva"]
[Result "0-1"]
[ECO "B23"]
[WhiteElo "1616"]
[BlackElo "1703"]
[Annotator "NA"]
[PlyCount "112"]
[EventDate "2017.??.??"]
[EventType "swiss"]
[EventCountry "ROU"]
[SourceTitle "playchess.com"]
[Source "ChessBase"]
[SourceQuality "1"]
[TimeControl "40/5400+30:1800+30"]

1. e4 c5 2. Nc3 Nc6 3. f4 g6 4. Nf3 Bg7 5. Bc4 e6 6. f5 Nge7 7. fxe6 dxe6 8. O-O O-O 9. d3 Nd4 10. Nxd4 cxd4 11. Ne2 Nc6 12. a3 Ne5 13. Ba2 Ng4 14. h3 Ne3 15. Bxe3 dxe3 16. c3 Qb6 17. Qb3 Qa6 18. Qc2 Qb5 19. Rf3 Bh6 20. Raf1 Qb6 21. Kh1 Bd7 22. d4 Rac8 23. d5 exd5 24. Bxd5 Be6 25. Bxe6 Qxe6 26. Nd4 Qc4 27. Qb1 Bg7 28. Nc2 e2 29. Re1 Rfe8 30. Ne3 Qxe4 31. Qxe4 Rxe4 32. Rxe2 Rce8 33. Kg1 Bh6 34. Kf2 f5 35. Re1 Rd8 36. Re2 Rd3 37. g4 Bxe3+ 38. Rfxe3 Rexe3 39. Rxe3 Rd2+ 40. Re2 Rxe2+ 41. Kxe2 fxg4 42. hxg4 h5 43. Kf3 Kf7 44. b4 Ke6 45. c4 Ke5 46. gxh5 gxh5 47. Kg3 b6 48. Kh4 Kd4 49. c5 bxc5 50. bxc5 Kxc5 51. Kxh5 Kc4 52. Kg4 Kb3 53. a4 Kxa4 54. Kf3 Kb3 55. Ke3 a5 56. Kd2 Kb2 0-1

[Event "EYCC 2017"]
[Site "Mamaia"]
[Date "2017.09.09"]
[Round "5"]
[White "Filip, Andrei"]
[Black "Samadov, Read"]
[Result "0-1"]
[ECO "D11"]
[WhiteElo "1612"]
[BlackElo "1848"]
[Annotator "NA"]
[PlyCount "110"]
[EventDate "2017.??.??"]
[EventType "swiss"]
[EventCountry "ROU"]
[SourceTitle "playchess.com"]
[Source "ChessBase"]
[SourceQuality "1"]
[TimeControl "40/5400+30:1800+30"]

1. d4 d5 2. c4 c6 3. Nf3 Nf6 4. e3 e6 5. Bd3 Nbd7 6. O-O Bd6 7. Nbd2 O-O 8. e4 dxe4 9. Nxe4 Nxe4 10. Bxe4 h6 11. Be3 Qe7 12. Rc1 e5 13. Bb1 e4 14. Nd2 f5 15. f4 Nf6 16. c5 Bc7 17. Nc4 Nd5 18. Qe2 Be6 19. a3 Rad8 20. Ba2 Qf7 21. Ne5 Bxe5 22. fxe5 Ne7 23. Bxe6 Qxe6 24. Qc4 Nd5 25. g3 Kh7 26. b4 Qg6 27. Bf4 Qg4 28. e6 Rfe8 29. b5 Rxe6 30. bxc6 bxc6 31. Qa6 e3 32. Rce1 Re4 33. Be5 f4 34. Qd3 f3 35. Bf4 f2+ 36. Rxf2 exf2+ 37. Kxf2 Nf6 38. Rxe4 Nxe4+ 39. Qxe4+ Qg6 40. Qxg6+ Kxg6 41. Be5 Rd7 42. Ke3 Kf5 43. h3 h5 44. Kd3 g5 45. a4 a5 46. Bd6 Rb7 47. d5 cxd5 48. c6 Rb6 49. c7 Rc6 50. g4+ hxg4 51. hxg4+ Ke6 52. Bh2 Kd7 53. Kd4 Rc4+ 54. Kxd5 Rxg4 55. Ke5 Rxa4 {[%emt 0:00:19] Kd4} 0-1

[Event "EYCC 2017"]
[Site "Mamaia"]
[Date "2017.09.09"]
[Round "5"]
[White "Mikheeva, Galina"]
[Black "Budagova, Leyla"]
[Result "1-0"]
[ECO "B72"]
[WhiteElo "1596"]
[BlackElo "1442"]
[Annotator "NA"]
[PlyCount "53"]
[EventDate "2017.??.??"]
[EventType "swiss"]
[EventCountry "ROU"]
[SourceTitle "playchess.com"]
[Source "ChessBase"]
[SourceQuality "1"]
[TimeControl "40/5400+30:1800+30"]

1. e4 c5 2. Nf3 d6 3. d4 cxd4 4. Nxd4 Nf6 5. Nc3 g6 6. Be2 Bg7 7. Be3 O-O 8. O-O Bd7 9. f3 Nc6 10. Qd2 Rc8 11. Rad1 a6 12. a3 Re8 13. Kh1 Nh5 14. f4 Nf6 15. Nxc6 Bxc6 16. Bf3 Rf8 17. f5 Qd7 18. Bh6 Ne8 19. Bxg7 Nxg7 20. Bg4 Rcd8 21. Qh6 Qc7 22. Rd3 Qa5 23. Rh3 f6 24. Qxh7+ Kf7 25. Qxg6+ Kg8 26. Qh7+ Kf7 27. Bh5# 1-0

[Event "EYCC 2017"]
[Site "Mamaia"]
[Date "2017.09.09"]
[Round "5"]
[White "Shukhman, Anna"]
[Black "State-Ungureanu, Elena-Anastasia"]
[Result "1-0"]
[ECO "C68"]
[WhiteElo "1583"]
[BlackElo "1158"]
[Annotator "NA"]
[PlyCount "29"]
[EventDate "2017.??.??"]
[EventType "swiss"]
[EventCountry "ROU"]
[SourceTitle "playchess.com"]
[Source "ChessBase"]
[SourceQuality "1"]
[TimeControl "40/5400+30:1800+30"]

1. e4 e5 2. Nf3 Nc6 3. Bb5 a6 4. Bxc6 dxc6 5. O-O f6 6. d4 exd4 7. Nxd4 c5 8. Ne2 Qxd1 9. Rxd1 Bd7 10. Nbc3 O-O-O 11. Bf4 Be6 12. Rxd8+ Kxd8 13. Rd1+ Kc8 14. Nd5 c6 15. Nb6# 1-0

[Event "EYCC 2017"]
[Site "Mamaia"]
[Date "2017.09.09"]
[Round "5"]
[White "Suleymanov, Ali"]
[Black "Saridag, Omer Melih"]
[Result "1/2-1/2"]
[ECO "D55"]
[WhiteElo "1556"]
[BlackElo "1803"]
[Annotator "NA"]
[PlyCount "111"]
[EventDate "2017.??.??"]
[EventType "swiss"]
[EventCountry "ROU"]
[SourceTitle "playchess.com"]
[Source "ChessBase"]
[SourceQuality "1"]
[TimeControl "40/5400+30:1800+30"]

1. d4 Nf6 2. c4 e6 3. Nc3 d5 4. Nf3 Be7 5. Bg5 O-O 6. e3 b6 7. cxd5 exd5 8. Bd3 Bb7 9. Qc2 h6 10. Bh4 c5 11. O-O Nc6 12. Rac1 Nb4 13. Qb1 Nxd3 14. Qxd3 c4 15. Qc2 a6 16. a4 Bc6 17. Ne5 Qc7 18. Nxc6 Qxc6 19. f3 b5 20. axb5 axb5 21. e4 dxe4 22. fxe4 b4 23. e5 bxc3 24. exf6 Bxf6 25. Bxf6 cxb2 26. Qxb2 gxf6 27. Rc3 Ra5 28. Rcf3 Rb5 29. Qd2 f5 30. Rxf5 Rxf5 31. Rxf5 c3 32. Qc2 Qc4 33. Rf4 Re8 34. Kf2 Re6 35. Rg4+ Kf8 36. Rf4 Ra6 37. Kg3 Rd6 38. d5 Qxd5 39. Qxc3 Rg6+ 40. Rg4 Rxg4+ 41. Kxg4 Qxg2+ 42. Qg3 Qxg3+ 43. hxg3 Kg7 44. Kf5 f6 45. g4 Kf7 46. Kf4 Kg6 47. Ke4 Kg5 48. Kf3 Kh4 49. Kf4 Kh3 50. Kf3 Kh2 51. Kf2 Kh1 52. Kf1 Kh2 53. Kf2 Kh3 54. Kf3 Kh4 55. Kf4 h5 56. gxh5 1/2-1/2

[Event "EYCC 2017"]
[Site "Mamaia"]
[Date "2017.09.09"]
[Round "5"]
[White "Denic, Hana"]
[Black "Shubenkova, Veronika"]
[Result "0-1"]
[ECO "B00"]
[WhiteElo "1555"]
[BlackElo "1505"]
[Annotator "NA"]
[PlyCount "100"]
[EventDate "2017.??.??"]
[EventType "swiss"]
[EventCountry "ROU"]
[SourceTitle "playchess.com"]
[Source "ChessBase"]
[SourceQuality "1"]
[TimeControl "40/5400+30:1800+30"]

1. e4 b6 2. d4 Bb7 3. Bd3 Nf6 4. Nc3 e6 5. a3 d5 6. Bg5 Be7 7. Bxf6 Bxf6 8. e5 Be7 9. Nge2 c5 10. Bb5+ Bc6 11. O-O a6 12. Bxc6+ Nxc6 13. f4 cxd4 14. Nb1 O-O 15. Kh1 f6 16. Nxd4 Nxd4 17. Qxd4 Bc5 18. Qc3 fxe5 19. Qxe5 Qf6 20. Qxf6 Rxf6 21. Rf3 Raf8 22. b4 Bd6 23. g3 g5 24. Rc3 gxf4 25. Rc6 Be5 26. Nc3 fxg3 27. hxg3 Rf3 28. Rd1 Bxc3 29. Rxe6 Rf1+ 30. Rxf1 Rxf1+ 31. Kg2 Rf6 32. Re3 Bb2 33. Rd3 d4 34. Rb3 Bc3 35. Rb1 Kg7 36. Rh1 Rh6 37. Rf1 Rf6 38. Rh1 b5 39. Rh5 Bb2 40. Rd5 Rc6 41. Rc5 Rxc5 42. bxc5 Bxa3 43. c6 Bd6 44. Kf3 Kf6 45. g4 Ke5 46. g5 a5 47. Kg4 a4 48. Kh5 a3 49. Kh6 a2 50. Kxh7 a1=Q 0-1

[Event "EYCC 2017"]
[Site "Mamaia"]
[Date "2017.09.09"]
[Round "5"]
[White "Markus, Molli Amina"]
[Black "Bousmaha, Leila"]
[Result "1-0"]
[ECO "D02"]
[WhiteElo "1520"]
[BlackElo "1364"]
[Annotator "NA"]
[PlyCount "101"]
[EventDate "2017.??.??"]
[EventType "swiss"]
[EventCountry "ROU"]
[SourceTitle "playchess.com"]
[Source "ChessBase"]
[SourceQuality "1"]
[TimeControl "40/5400+30:1800+30"]

1. d4 d5 2. Nf3 Bf5 3. g3 e6 4. Bg2 c5 5. c4 dxc4 6. Qa4+ Nd7 7. Qxc4 Ngf6 8. O-O Be7 9. Nc3 O-O 10. dxc5 Nxc5 11. Rd1 Ncd7 12. Qb3 Rb8 13. Nh4 Bg6 14. Nxg6 hxg6 15. Bf4 Rc8 16. Bxb7 Rc5 17. Na4 Rf5 18. Bf3 g5 19. e4 Ra5 20. Bd2 Ra6 21. Qb5 Rxa4 22. Qxa4 g4 23. Bg2 Qb6 24. Be3 Bc5 25. Bxc5 Nxc5 26. Qd4 e5 27. Qe3 Ncxe4 28. Qxb6 axb6 29. Bxe4 Nxe4 30. Re1 Nd2 31. Kg2 f6 32. Rac1 Kf7 33. Rc7+ Kg6 34. Rc6 Nf3 35. Rec1 Rh8 36. Rh1 Rb8 37. h3 Nd4 38. Rcc1 gxh3+ 39. Kxh3 Ra8 40. a3 f5 41. Kg2 f4 42. gxf4 Ne2 43. Rc6+ Kf5 44. fxe5 Nf4+ 45. Kf3 Rb8 46. Rc7 g5 47. Rf7+ Kg6 48. Rf6+ Kg7 49. Rg1 Nh3 50. Rg3 Rh8 51. Kg2 1-0

[Event "EYCC 2017"]
[Site "Mamaia"]
[Date "2017.09.09"]
[Round "5"]
[White "Suleymanli, Ismayil"]
[Black "Hajdu, Marton Abris"]
[Result "0-1"]
[ECO "B24"]
[WhiteElo "1483"]
[BlackElo "1280"]
[Annotator "NA"]
[PlyCount "218"]
[EventDate "2017.??.??"]
[EventType "swiss"]
[EventCountry "ROU"]
[SourceTitle "playchess.com"]
[Source "ChessBase"]
[SourceQuality "1"]
[TimeControl "40/5400+30:1800+30"]

1. e4 c5 2. Nc3 Nc6 3. g3 g6 4. Bg2 Bg7 5. d3 e6 6. f4 Nge7 7. Nf3 d6 8. O-O O-O 9. Be3 Nd4 10. h3 Rb8 11. Bxd4 cxd4 12. Ne2 Nc6 13. Qe1 Qb6 14. Rb1 Bd7 15. Qf2 e5 16. Nd2 Bh6 17. g4 f6 18. Qg3 Bg7 19. h4 Qd8 20. Bf3 b5 21. Kh1 Nb4 22. c3 dxc3 23. Nxc3 Nxd3 24. f5 Bh6 25. Qh2 Bf4 26. Qe2 Nc5 27. b4 Na6 28. Nd5 Bxd2 29. Qxd2 Be8 30. Rbc1 Rb7 31. Rfd1 Rff7 32. Qf2 Nc7 33. Ne3 Rg7 34. Qd2 Rb6 35. Rc3 Rd7 36. Rdc1 Bf7 37. Rd1 Kg7 38. Qg2 Ne8 39. Rdc1 Rc7 40. Qc2 Rxc3 41. Qxc3 Rb7 42. Qb2 Qb6 43. Ng2 Rc7 44. a3 Rxc1+ 45. Qxc1 Qf2 46. Qc3 Bc4 47. Qe3 Qxe3 48. Nxe3 Bb3 49. Kg2 Kf7 50. Kf2 Nc7 51. Ke2 a6 52. Kd3 Ba2 53. Kc2 Kg7 54. Kb2 Bg8 55. Kc3 Kh6 56. Kd3 g5 57. h5 Kg7 58. Bd1 h6 59. Bf3 Kf8 60. Nd5 Bxd5 61. exd5 Ke8 62. Kc3 Kd8 63. Kb3 Kc8 64. Kc3 Kb8 65. Kb3 Kb7 66. Kc3 Kb6 67. Kb3 Na8 68. Kc3 Kc7 69. Be4 Nb6 70. Bf3 Nc4 71. Be4 Nxa3 72. Bd3 Nc4 73. Bxc4 bxc4 74. Kxc4 Kb6 75. Kb3 Kb5 76. Kc3 a5 77. bxa5 Kxa5 78. Kc4 Ka4 79. Kd3 Kb4 80. Ke3 Kc4 81. Ke4 Kc5 82. Kd3 Kxd5 83. Ke3 e4 84. Ke2 Kd4 85. Kd2 d5 86. Ke2 Kc3 87. Ke3 Kc2 88. Kd4 e3 89. Kxd5 e2 90. Ke6 e1=Q+ 91. Kxf6 Qh4 92. Kg6 Qxg4 93. f6 Qe6 94. Kg7 g4 95. f7 Qxf7+ 96. Kxf7 g3 97. Kg6 g2 98. Kxh6 g1=Q 99. Kh7 Qa7+ 100. Kg6 Qb8 101. Kg7 Qc7+ 102. Kg6 Qd8 103. Kg7 Qe7+ 104. Kg6 Qe8+ 105. Kh6 Qh8+ 106. Kg6 Kd3 107. h6 Ke4 108. h7 Ke5 109. Kh6 Kf5 0-1

[Event "EYCC 2017"]
[Site "Mamaia"]
[Date "2017.09.09"]
[Round "5"]
[White "Svergina, Sofya"]
[Black "Abaszada, Suada"]
[Result "1-0"]
[ECO "B90"]
[WhiteElo "1472"]
[BlackElo "1295"]
[Annotator "NA"]
[PlyCount "37"]
[EventDate "2017.??.??"]
[EventType "swiss"]
[EventCountry "ROU"]
[SourceTitle "playchess.com"]
[Source "ChessBase"]
[SourceQuality "1"]
[TimeControl "40/5400+30:1800+30"]

1. e4 c5 2. Nf3 d6 3. d4 cxd4 4. Nxd4 Nf6 5. Nc3 a6 6. Be3 Nbd7 7. f3 g6 8. Qd2 Bg7 9. O-O-O O-O 10. g4 b5 11. h4 h5 12. Kb1 Bb7 13. Bh6 hxg4 14. h5 Ne5 15. hxg6 Nxg6 16. Bxg7 Kxg7 17. Qh6+ Kg8 18. Ne6 fxe6 19. Qxg6# 1-0

[Event "EYCC 2017"]
[Site "Mamaia"]
[Date "2017.09.09"]
[Round "5"]
[White "Zavivaeva, Evelina"]
[Black "Smietanska, Wiktoria"]
[Result "1-0"]
[ECO "D55"]
[WhiteElo "1406"]
[BlackElo "1446"]
[Annotator "NA"]
[PlyCount "77"]
[EventDate "2017.??.??"]
[EventType "swiss"]
[EventCountry "ROU"]
[SourceTitle "playchess.com"]
[Source "ChessBase"]
[SourceQuality "1"]
[TimeControl "40/5400+30:1800+30"]

1. d4 d5 2. c4 e6 3. Nc3 Nf6 4. Nf3 Be7 5. Bg5 O-O 6. e3 h6 7. Bf4 c5 8. Bd3 a6 9. O-O dxc4 10. Bxc4 b5 11. Bd3 Bb7 12. dxc5 Bxc5 13. Nd4 Bxd4 14. exd4 Nc6 15. Be3 b4 16. Ne2 Nd5 17. Ng3 Nf6 18. Rc1 Rc8 19. Ne4 Nd7 20. Nd6 Qc7 21. Nxc8 Rxc8 22. Qg4 Nf6 23. Qe2 Ra8 24. Rc2 Qd7 25. Rd1 Qd5 26. f3 Qxa2 27. Rc5 Nd7 28. Bc4 b3 29. Rh5 Nf6 30. Rh3 Qa4 31. Rg3 Kh8 32. Rc1 Na5 33. Bd3 Qd7 34. Qd2 Nc6 35. Bxh6 Ne8 36. Bxg7+ Kg8 37. Bf6+ Kf8 38. Qh6+ Ng7 39. Qh8# 1-0

[Event "EYCC 2017"]
[Site "Mamaia"]
[Date "2017.09.09"]
[Round "5"]
[White "Fileru, Maria"]
[Black "Gasimova, Samra"]
[Result "1/2-1/2"]
[ECO "E81"]
[WhiteElo "1371"]
[BlackElo "1578"]
[Annotator "NA"]
[PlyCount "63"]
[EventDate "2017.??.??"]
[EventType "swiss"]
[EventCountry "ROU"]
[SourceTitle "playchess.com"]
[Source "ChessBase"]
[SourceQuality "1"]
[TimeControl "40/5400+30:1800+30"]

1. d4 Nf6 2. c4 g6 3. Nc3 Bg7 4. e4 d6 5. f3 O-O 6. Bg5 Nc6 7. Qd2 e5 8. d5 Nd4 9. Nge2 c5 10. dxc6 bxc6 11. Nxd4 exd4 12. Qxd4 Nxe4 13. Qxg7+ Kxg7 14. Bxd8 Nxc3 15. Bc7 Re8+ 16. Kf2 Na4 17. b3 Nc3 18. Bxd6 a5 19. a3 Bf5 20. Rc1 Na2 21. Ra1 Nc3 22. Rc1 Na2 23. Ra1 Nc3 24. c5 Nd5 25. Bc4 Ne3 26. Rac1 Nxc4 27. Rxc4 Be6 28. Rc3 Ra7 29. Rb1 Rb7 30. b4 Rb5 31. Rb2 Ra8 32. Rd3 1/2-1/2

[Event "EYCC 2017"]
[Site "Mamaia"]
[Date "2017.09.09"]
[Round "5"]
[White "Vingris, Mikelis"]
[Black "Giang, Tran Nam"]
[Result "0-1"]
[ECO "D23"]
[WhiteElo "1282"]
[BlackElo "1561"]
[Annotator "NA RC"]
[PlyCount "65"]
[EventDate "2017.??.??"]
[EventType "swiss"]
[EventCountry "ROU"]
[SourceTitle "playchess.com"]
[Source "ChessBase"]
[SourceQuality "1"]
[TimeControl "40/5400+30:1800+30"]

1. d4 d5 2. Nf3 Nf6 3. c4 dxc4 4. Bg5 a6 5. a4 Nc6 6. e3 Na5 7. Nbd2 Be6 8. Rc1 b5 9. Qc2 h6 10. Bh4 g6 11. Be2 Bg7 12. O-O O-O 13. Qc3 c6 14. e4 Rc8 15. Bxf6 Bxf6 16. e5 Bg7 17. Ra1 Ra8 18. Bd1 Qb6 19. Ne4 Nb7 20. a5 Qc7 21. Qb4 Bd5 22. Nfd2 Rfd8 23. Nc5 Nxc5 24. Qxc5 Qa7 25. Qxa7 Rxa7 26. Bf3 Rc7 27. Rad1 Rcd7 28. Bg4 Be6 29. Bxe6 fxe6 30. Nf3 c5 31. Rc1 cxd4 32. Rfe1 d3 33. Rcd1 0-1

[Event "EYCC 2017"]
[Site "Mamaia"]
[Date "2017.09.09"]
[Round "5"]
[White "Kusakina, Uliana"]
[Black "Zubkovskaya, Ekaterina"]
[Result "0-1"]
[ECO "C58"]
[WhiteElo "1157"]
[BlackElo "1399"]
[Annotator "NA"]
[PlyCount "76"]
[EventDate "2017.??.??"]
[EventType "swiss"]
[EventCountry "ROU"]
[SourceTitle "playchess.com"]
[Source "ChessBase"]
[SourceQuality "1"]
[TimeControl "40/5400+30:1800+30"]

1. e4 e5 2. Nf3 Nc6 3. Bc4 Nf6 4. Ng5 d5 5. exd5 Na5 6. d3 h6 7. Nf3 e4 8. Qe2 Nxc4 9. dxc4 Bc5 10. Nfd2 O-O 11. Nb3 Bd6 12. Be3 Bg4 13. Qf1 c6 14. h3 Bd7 15. dxc6 Bxc6 16. a3 Be5 17. c3 Qc7 18. N1d2 a6 19. O-O-O b5 20. cxb5 Bxb5 21. Qe1 Bd3 22. Nc5 Bb5 23. Ndxe4 Nxe4 24. Nxe4 Rab8 25. Rd2 Qc4 26. Nd6 Bxd6 27. Rxd6 Qa2 28. Rd4 Bc4 29. b4 Qxa3+ 30. Kc2 Qb3+ 31. Kc1 a5 32. Rxc4 Qxc4 33. Bd4 axb4 34. Qe5 f6 35. Qc5 Qa2 36. Rd1 bxc3 37. Qd5+ Qxd5 38. Bxc3 Qa2 0-1